[ PARTIDA AOE2 · #468887245 ]
1v1 RMJemeres vs Teutons
Equipo del jugador · VICT
Equipo rival · DERR
[ ANÁLISIS DE REPETICIÓN · EXTRAÍDO DE LA PARTIDA GRABADA ]
Feudal
11:44
Castillos
21:46
Imperial
41:32
| APM promedio | 31.2 |
| APM pico | 50 |
| eAPM promedio | 15.7 |
| Aldeanos / militares | 106 / 116 |
Foco
⚔️ 27.5% · 🌾 72.5%
Scout Cavalry ×64 · Skirmisher ×22 · Petard ×9 · Ballista Elephant ×9 · Knight ×5 · Cavalry Archer ×5
Feudal
9:54
Castillos
21:00
Imperial
37:51
| APM promedio | 28.9 |
| APM pico | 68 |
| eAPM promedio | 18.2 |
| Aldeanos / militares | 80 / 111 |
Foco
⚔️ 48.6% · 🌾 51.4%
Spearman ×70 · Archer ×25 · Teutonic Knight ×10 · Monk ×3 · Mangonel ×2 · Militia ×1
Mapa de la partida
Recursos iniciales + cada clic de construcción. Líneas = muros · curvas = relieve. ◆ oro · ⬟ piedra · ● bayas · ✦ reliquia · ◌ hueco del cierre
Inputs por minuto
— BicepsDaddy - - Maverick
Build order — BicepsDaddy
Primeras 150 de 302 acciones detectadas
| 0:00 | Crear | Villager (Male) |
| 0:01 | Crear | Villager (Male) |
| 0:01 | Crear | Villager (Male) |
| 0:03 | Construir | House |
| 0:04 | Construir | House |
| 0:08 | Crear | Villager (Male) |
| 1:21 | Investigar | Loom |
| 1:25 | Crear | Villager (Male) |
| 2:06 | Crear | Villager (Male) |
| 2:40 | Crear | Villager (Male) |
| 2:51 | Construir | House |
| 2:57 | Crear | Villager (Male) |
| 3:02 | Investigar | Loom |
| 3:13 | Construir | Mill |
| 3:34 | Construir | House |
| 3:55 | Crear | Villager (Male) |
| 4:09 | Crear | Villager (Male) |
| 4:35 | Crear | Villager (Male) |
| 4:46 | Construir | House |
| 4:50 | Construir | Palisade Gate |
| 5:01 | Crear | Villager (Male) |
| 5:14 | Crear | Villager (Male) |
| 6:05 | Crear | Villager (Male) |
| 6:06 | Crear | Villager (Male) |
| 6:06 | Crear | Villager (Male) |
| 6:19 | Construir | Palisade Gate |
| 6:24 | Construir | House |
| 6:26 | Crear | Villager (Male) |
| 6:26 | Crear | Villager (Male) |
| 6:43 | Crear | Villager (Male) |
| 7:15 | Crear | Villager (Male) |
| 7:29 | Construir | House |
| 7:40 | Crear | Villager (Male) |
| 7:53 | Construir | Lumber Camp |
| 8:01 | Construir | Palisade Wall |
| 8:06 | Construir | Building 796 |
| 8:20 | Construir | House |
| 8:22 | Crear | Villager (Male) |
| 8:53 | Construir | Farm |
| 9:13 | Construir | House |
| 9:30 | Construir | Palisade Gate |
| 9:34 | Investigar | Feudal Age |
| 9:51 | Construir | Farm |
| 10:07 | Construir | House |
| 10:10 | Construir | House |
| 10:18 | Construir | House |
| 10:23 | Construir | Palisade Wall |
| 10:31 | Construir | Palisade Wall |
| 10:32 | Construir | Palisade Wall |
| 11:20 | Construir | Mining Camp |
| 11:44 | Edad | Edad Feudal |
| 11:48 | Investigar | Double-Bit Axe |
| 11:53 | Investigar | Horse Collar |
| 12:01 | Crear | Villager (Male) |
| 12:02 | Crear | Villager (Male) |
| 12:02 | Crear | Villager (Male) |
| 12:02 | Crear | Villager (Male) |
| 12:16 | Crear | Villager (Male) |
| 12:28 | Construir | Stable |
| 12:42 | Construir | Farm |
| 13:08 | Construir | Farm |
| 13:08 | Construir | Farm |
| 13:39 | Crear | Scout Cavalry |
| 13:39 | Crear | Scout Cavalry |
| 13:42 | Crear | Villager (Male) |
| 13:45 | Construir | Farm |
| 13:48 | Construir | Farm |
| 14:25 | Crear | Scout Cavalry |
| 14:28 | Crear | Villager (Male) |
| 14:29 | Crear | Villager (Male) |
| 14:38 | Construir | Farm |
| 14:38 | Construir | Farm |
| 14:40 | Construir | Farm |
| 15:08 | Crear | Villager (Male) |
| 15:08 | Crear | Villager (Male) |
| 15:17 | Crear | Scout Cavalry |
| 15:30 | Construir | Farm |
| 15:35 | Construir | Farm |
| 15:35 | Construir | Farm |
| 15:35 | Construir | Farm |
| 15:38 | Construir | Farm |
| 15:52 | Crear | Villager (Male) |
| 15:53 | Crear | Villager (Male) |
| 16:50 | Crear | Villager (Male) |
| 16:51 | Crear | Villager (Male) |
| 17:00 | Crear | Villager (Male) |
| 17:08 | Construir | Market |
| 17:13 | Crear | Villager (Male) |
| 17:13 | Crear | Villager (Male) |
| 17:17 | Construir | Farm |
| 17:37 | Construir | Outpost |
| 17:39 | Crear | Villager (Male) |
| 17:53 | Crear | Villager (Male) |
| 17:58 | Construir | Mining Camp |
| 18:02 | Construir | Blacksmith |
| 18:20 | Construir | Outpost |
| 18:28 | Crear | Scout Cavalry |
| 18:30 | Crear | Scout Cavalry |
| 18:31 | Crear | Scout Cavalry |
| 18:31 | Crear | Scout Cavalry |
| 18:31 | Crear | Scout Cavalry |
| 18:48 | Investigar | Castle Age |
| 19:32 | Construir | Farm |
| 19:48 | Construir | Lumber Camp |
| 20:10 | Construir | Stable |
| 20:31 | Crear | Villager (Male) |
| 20:31 | Crear | Villager (Male) |
| 20:32 | Crear | Villager (Male) |
| 20:35 | Investigar | Bloodlines |
| 20:46 | Construir | Archery Range |
| 20:53 | Investigar | Scale Barding Armor |
| 20:55 | Investigar | Fletching |
| 21:07 | Crear | Scout Cavalry |
| 21:08 | Crear | Scout Cavalry |
| 21:08 | Crear | Scout Cavalry |
| 21:20 | Construir | House |
| 21:46 | Crear | Skirmisher |
| 21:46 | Crear | Skirmisher |
| 21:46 | Crear | Skirmisher |
| 21:46 | Edad | Edad de los Castillos |
| 21:47 | Crear | Skirmisher |
| 22:04 | Construir | Town Center |
| 22:08 | Crear | Villager (Male) |
| 22:08 | Crear | Villager (Male) |
| 22:47 | Crear | Scout Cavalry |
| 23:18 | Investigar | Bodkin Arrow |
| 23:39 | Crear | Villager (Male) |
| 23:40 | Crear | Villager (Male) |
| 23:59 | Construir | Castle |
| 24:04 | Crear | Skirmisher |
| 24:07 | Crear | Villager (Male) |
| 24:16 | Crear | Villager (Male) |
| 24:16 | Crear | Villager (Male) |
| 24:31 | Construir | House |
| 24:41 | Crear | Villager (Male) |
| 24:42 | Crear | Villager (Male) |
| 24:43 | Crear | Villager (Male) |
| 24:43 | Crear | Villager (Male) |
| 24:46 | Construir | Farm |
| 25:27 | Crear | Scout Cavalry |
| 25:27 | Crear | Scout Cavalry |
| 25:27 | Crear | Scout Cavalry |
| 25:36 | Construir | Farm |
| 25:43 | Construir | Town Center |
| 25:45 | Crear | Villager (Male) |
| 25:45 | Crear | Villager (Male) |
| 26:09 | Construir | Farm |
| 26:09 | Construir | Farm |
| 26:09 | Construir | Farm |
| 26:10 | Construir | Farm |
Build order — Maverick
Primeras 150 de 316 acciones detectadas
| 0:01 | Crear | Villager (Male) |
| 0:02 | Crear | Villager (Male) |
| 0:02 | Crear | Villager (Male) |
| 0:02 | Crear | Villager (Male) |
| 0:04 | Construir | House |
| 0:06 | Construir | House |
| 1:49 | Construir | Lumber Camp |
| 1:52 | Crear | Villager (Male) |
| 1:53 | Crear | Villager (Male) |
| 2:17 | Crear | Villager (Male) |
| 2:45 | Crear | Villager (Male) |
| 3:15 | Crear | Villager (Male) |
| 3:31 | Crear | Villager (Male) |
| 3:41 | Construir | House |
| 4:05 | Crear | Villager (Male) |
| 4:17 | Construir | House |
| 4:24 | Crear | Villager (Male) |
| 4:39 | Construir | Mill |
| 5:00 | Crear | Villager (Male) |
| 5:30 | Crear | Villager (Male) |
| 5:43 | Crear | Villager (Male) |
| 6:22 | Crear | Villager (Male) |
| 6:50 | Investigar | Loom |
| 7:17 | Crear | Villager (Male) |
| 7:44 | Investigar | Feudal Age |
| 7:47 | Construir | Mining Camp |
| 9:14 | Crear | Villager (Male) |
| 9:14 | Crear | Villager (Male) |
| 9:54 | Construir | Barracks |
| 9:54 | Edad | Edad Feudal |
| 10:17 | Construir | House |
| 10:36 | Crear | Villager (Male) |
| 10:40 | Investigar | Double-Bit Axe |
| 10:41 | Investigar | Horse Collar |
| 10:50 | Construir | Farm |
| 10:54 | Crear | Villager (Male) |
| 11:26 | Construir | Farm |
| 11:36 | Construir | Farm |
| 11:43 | Construir | Farm |
| 11:50 | Construir | Archery Range |
| 11:53 | Construir | House |
| 11:55 | Crear | Villager (Male) |
| 11:55 | Crear | Villager (Male) |
| 12:00 | Construir | Mining Camp |
| 12:07 | Construir | Farm |
| 12:24 | Crear | Villager (Male) |
| 12:46 | Construir | House |
| 12:53 | Construir | House |
| 12:57 | Crear | Villager (Male) |
| 13:00 | Construir | Farm |
| 13:07 | Construir | Mill |
| 13:09 | Crear | Archer |
| 13:09 | Crear | Archer |
| 13:10 | Crear | Archer |
| 13:12 | Crear | Militia |
| 13:15 | Crear | Spearman |
| 13:22 | Construir | Farm |
| 13:24 | Crear | Villager (Male) |
| 13:33 | Crear | Spearman |
| 14:01 | Construir | House |
| 14:02 | Construir | Palisade Wall |
| 14:17 | Crear | Villager (Male) |
| 14:24 | Construir | Farm |
| 14:27 | Construir | Farm |
| 14:31 | Crear | Villager (Male) |
| 15:11 | Crear | Villager (Male) |
| 15:14 | Construir | Farm |
| 15:21 | Crear | Archer |
| 15:21 | Crear | Archer |
| 15:37 | Crear | Villager (Male) |
| 15:40 | Construir | Blacksmith |
| 15:44 | Construir | House |
| 15:46 | Construir | House |
| 15:49 | Construir | House |
| 15:54 | Construir | Farm |
| 16:14 | Construir | Farm |
| 16:18 | Crear | Spearman |
| 17:15 | Crear | Villager (Male) |
| 17:22 | Crear | Spearman |
| 17:35 | Crear | Villager (Male) |
| 17:41 | Construir | Market |
| 18:12 | Crear | Archer |
| 18:13 | Crear | Archer |
| 18:13 | Crear | Archer |
| 18:20 | Investigar | Castle Age |
| 18:37 | Crear | Archer |
| 18:42 | Investigar | Padded Archer Armor |
| 19:21 | Investigar | Gold Mining |
| 19:50 | Crear | Spearman |
| 19:51 | Crear | Spearman |
| 19:53 | Investigar | Scale Mail Armor |
| 20:09 | Construir | Archery Range |
| 21:00 | Edad | Edad de los Castillos |
| 21:10 | Construir | Town Center |
| 21:20 | Investigar | Crossbowman (upgrade) |
| 21:47 | Investigar | Bow Saw |
| 21:52 | Investigar | Heavy Plow |
| 21:56 | Crear | Villager (Male) |
| 21:56 | Crear | Villager (Male) |
| 22:25 | Construir | University |
| 22:31 | Construir | Monastery |
| 22:37 | Construir | Farm |
| 22:50 | Construir | Farm |
| 23:14 | Construir | Farm |
| 23:20 | Investigar | Stone Mining |
| 23:41 | Investigar | Wheelbarrow |
| 23:42 | Crear | Villager (Male) |
| 23:42 | Crear | Villager (Male) |
| 23:42 | Crear | Villager (Male) |
| 23:55 | Construir | Siege Workshop |
| 24:14 | Construir | Farm |
| 24:15 | Crear | Villager (Male) |
| 24:15 | Crear | Villager (Male) |
| 24:38 | Crear | Monk |
| 24:48 | Investigar | Pikeman (upgrade) |
| 24:53 | Construir | Farm |
| 24:59 | Crear | Villager (Male) |
| 25:04 | Crear | Archer |
| 25:04 | Crear | Archer |
| 25:05 | Crear | Archer |
| 25:05 | Crear | Archer |
| 25:05 | Crear | Archer |
| 25:06 | Crear | Archer |
| 25:16 | Construir | Farm |
| 25:17 | Crear | Villager (Male) |
| 25:35 | Construir | Farm |
| 25:37 | Crear | Villager (Male) |
| 25:38 | Crear | Villager (Male) |
| 25:56 | Crear | Mangonel |
| 26:00 | Crear | Villager (Male) |
| 26:00 | Crear | Villager (Male) |
| 26:05 | Construir | Farm |
| 26:14 | Investigar | Stone Shaft Mining |
| 26:18 | Crear | Monk |
| 26:31 | Construir | Farm |
| 26:32 | Crear | Villager (Male) |
| 26:43 | Construir | Farm |
| 27:00 | Crear | Archer |
| 27:01 | Crear | Archer |
| 27:01 | Crear | Archer |
| 27:01 | Crear | Archer |
| 27:03 | Crear | Villager (Male) |
| 27:03 | Crear | Villager (Male) |
| 27:03 | Crear | Villager (Male) |
| 27:38 | Construir | House |
| 27:39 | Construir | House |
| 27:42 | Construir | House |
| 27:47 | Construir | Farm |
| 27:59 | Investigar | Arson |
| 28:05 | Investigar | Fletching |
Cronología de la partida
| 8:01 | BicepsDaddy · wall_segment Palisade Wall x9 |
| 9:54 | Maverick · first_building Barracks |
| 9:54 | Maverick · age_up feudal |
| 10:23 | BicepsDaddy · wall_segment Palisade Wall x6 |
| 10:31 | BicepsDaddy · wall_segment Palisade Wall x6 |
| 10:32 | BicepsDaddy · wall_segment Palisade Wall x3 |
| 11:44 | BicepsDaddy · age_up feudal |
| 11:50 | Maverick · first_building Archery Range |
| 12:28 | BicepsDaddy · first_building Stable |
| 14:02 | Maverick · wall_segment Palisade Wall x1 |
| 18:45 | BicepsDaddy · first_market_buy 100 food |
| 20:46 | BicepsDaddy · first_building Archery Range |
| 21:00 | Maverick · age_up castle |
| 21:46 | BicepsDaddy · age_up castle |
| 21:52 | BicepsDaddy · first_market_sell 100 food |
| 22:31 | Maverick · first_building Monastery |
| 23:55 | Maverick · first_building Siege Workshop |
| 23:59 | BicepsDaddy · first_building Castle |
| 30:43 | Maverick · first_building Castle |
| 37:51 | Maverick · age_up imperial |
| 41:32 | BicepsDaddy · age_up imperial |
| 44:24 | Maverick · resign |
[ ANÁLISIS IA · 1 CRÉDITO ]
¿Qué pasó realmente en esta partida?
Wolo.gg analiza cada decisión: build order, eco, micro, errores típicos por bracket. Análisis personalizado por WhatsApp o Discord en 30 segundos.
Guía civ
Jemeres
Guía mapa
Arabia
Perfil
Jugador #5085213